 Dungeon Crawl Stone Soup version 0.18-a0-1229-ge9a1a01 (webtiles) character file.

33 ololoev the Magician (level 3, -1/19 HPs)
             Began as a Deep Elf Fire Elementalist on Feb 4, 2016.
             Was a Follower of the Shining One.
             Slain by a giant frog skeleton (4 damage)
             ... on level 4 of the Dungeon.
             The game lasted 00:02:02 (250 turns).

ololoev the Magician (Deep Elf Fire Elementalist)    Turns: 250, Time: 00:02:02

Health: -1/19      AC:  3    Str:  5    XL:     3   Next: 12%
Magic:  7/10       EV: 13    Int: 20    God:    the Shining One [*.....]
Gold:   8          SH:  0    Dex: 15    Spells: 3 memorised, 2 levels left

rFire  . . .     SeeInvis .     (no weapon)
rCold  . . .     Gourm    .     a - +0 robe
rNeg   . . .     Faith    .     (no shield)
rPois  .         Spirit   .     g - +0 helmet
rElec  .         Dismiss  .     (no cloak)
rCorr  .         Reflect  .     (no gloves)
SustAt .         Harm     .     (no boots)
MR     .....                    (no amulet)
Stlth  +.........               (no ring)
                                h - ring of wizardry

@: glowing, drained, not resistant to hostile enchantments, very unstealthy
A: no striking features
a: Renounce Religion

Inventory:

Armour
 a - a +0 robe (worn)
 g - a +0 helmet (worn)
Jewellery
 h - a ring of wizardry (left hand)
Scrolls
 e - 2 scrolls of identify {unknown}
Potions
 d - a potion of poison {unknown}
 f - a potion of heal wounds {unknown}
Books
 b - a book of Flames

   Spells                             Type                      Level
   a - Flame Tongue                   Conjuration/Fire             1
   b - Throw Flame                    Conjuration/Fire             2
   c - Conjure Flame                  Conjuration/Fire             3
   d - Inner Flame                    Hexes/Fire                   3
   e - Sticky Flame                   Conjuration/Fire             4
   f - Fireball                       Conjuration/Fire             5
Comestibles
 c - 2 bread rations


   Skills:
 - Level 2.4(2.3) Dodging
 - Level 2.4(2.3) Stealth
 + Level 3.8(3.7) Spellcasting
 * Level 2.3(2.2) Conjurations
 + Level 3.5(3.4) Fire Magic


You had 2 spell levels left.
You knew the following spells:

 Your Spells              Type           Power        Failure   Level  Hunger
a - Flame Tongue          Conj/Fire      ###..        1%          1    None
b - Conjure Flame         Conj/Fire      ###.....     6%          3    ###....
e - Inner Flame           Hex/Fire       ##......     9%          3    ###....


You were on level 4 of the Dungeon.
You worshipped the Shining One.
The Shining One was aware of your devotion.
You were not hungry.

You visited 1 branch of the dungeon, and saw 5 of its levels.

You collected 8 gold pieces.

####.#######.#
#..........#.#
#.#####...#### #.#
#E#...#E#
#.#####...######
#.##............
#.##...._....###
#.##............
#@#####...###.##
#Z# #E#...#E#.##
#)# ###...###..
#.# #....#..# ##
#(# #..#.#..##.#
#.. #....#..#.##
####...###.#......
##.# ##...####
#.######.#####

Notes
Turn   | Place    | Note
--------------------------------------------------------------
     0 | D:1      | ololoev the Deep Elf Fire Elementalist began the quest for the Orb.
     0 | D:1      | Reached XP level 1. HP: 10/10 MP: 6/6
    87 | D:2      | Found a faded altar to an unknown god.
    94 | D:2      | Became a worshipper of the Shining One
    94 | D:2      | Reached * piety under the Shining One
   135 | D:5      | Entered Level 5 of the Dungeon
   135 | D:5      | Noticed a worker ant
   135 | D:5      | Noticed an ogre
   135 | D:5      | Noticed an ice beast
   165 | D:3      | Noticed tasslehoff34's ghost (amateur DsCK)
   179 | D:4      | Noticed a worker ant
   183 | D:4      | Killed a worker ant
   183 | D:4      | Reached XP level 2. HP: 1/15 MP: 3/8
   183 | D:4      | Reached XP level 3. HP: 1/19 MP: 3/10
   188 | D:4      | Learned a level 3 spell: Conjure Flame
   192 | D:4      | Learned a level 3 spell: Inner Flame
   199 | D:4      | Found a stormy altar of Qazlal.
   204 | D:4      | Noticed an earth elemental
   206 | D:4      | Noticed a fire elemental
   206 | D:4      | Noticed a water elemental
   206 | D:4      | Noticed an air elemental
   250 | D:4      | Slain by a giant frog skeleton

Dungeon Overview and Level Annotations

Branches:
Dungeon (5/15)
 Temple: D:4-7

Altars:
Qazlal
The Shining One

Annotations:
D:3 tasslehoff34's ghost, amateur DsCK


Message History

The flame tongue hits the giant gecko.
You kill the giant gecko!
A gnoll comes into view. It is wielding a flail.
Casting: Flame Tongue
Confirm with . or Enter, or press ? or * to list all spells.
You can't see any susceptible monsters within range! (Use Z to cast anyway.) Unknown command.
Found a small wooden ring.
Found a stormy altar of Qazlal.
h - a small wooden ring Put on which piece of jewellery? (? for menu, Esc to quit)
h - a ring of wizardry (left hand)
Okay, then.
There is a stormy altar of Qazlal here.
Found a mace.
Found 16 stones.
A giant frog skeleton comes into view.
Casting: Flame Tongue
Confirm with . or Enter, or press ? or * to list all spells.
Aiming: Flame Tongue
Press: ? - help, Shift-Dir - straight line, f - giant frog skeleton
Aim: a giant frog skeleton (haloed)
The flame tongue hits the giant frog skeleton.
The giant frog skeleton hits you.
Casting: Flame Tongue
Confirm with . or Enter, or press ? or * to list all spells.
Aiming: Flame Tongue
Press: ? - help, Shift-Dir - straight line, f/p - giant frog skeleton
Aim: a giant frog skeleton (haloed)
The flame tongue hits the giant frog skeleton.
The giant frog skeleton completely misses you.
The giant frog skeleton barely misses you.
Casting: Flame Tongue
Confirm with . or Enter, or press ? or * to list all spells.
Aiming: Flame Tongue
Press: ? - help, Shift-Dir - straight line, f/p - giant frog skeleton
Aim: a giant frog skeleton (haloed)
The flame tongue hits the giant frog skeleton.
The giant frog skeleton hits you.
You die...

You could see a giant frog skeleton.

Vanquished Creatures
  A worker ant (D:4)
  A giant gecko (D:4)
  2 goblins
  A quokka (D:3)
  2 bats
  2 giant newts (D:2)
9 creatures vanquished.

Action                   || total
-------------------------++-------
 Cast: Flame Tongue      ||    14

Vault maps used:
D:1:      scummos_arrival_simple_crosswalls
D:2:      fedhas_altar_1, nicolae_tso_swordbearing_angel, ecumenical_altar_1
D:4:      nicolae_qazlal_style_of_elements, first_bread
D:5:      nicolae_ru_great_annihilating_truth, nicolae_overflow_crystal_walls,
          grunt_ministairs_13, hangedman_abyss_or_decor_stabs,
          uniq_crazy_yiuf_cottage
